 Dungeon Crawl Stone Soup version bcrawl-1.27.6 (webtiles) character file.

Game seed: 8269660591041416395

127445 Faustar the Skirmisher (level 3, 0/24 HPs)
             Began as a Gargoyle Berserker on Sept 17, 2020.
             Was a Believer of Trog.
             Slain by a goblin
             ... wielding a +0 club
             ... led by Robin
              (1 damage)
             ... on level 2 of the Dungeon.
             The game lasted 00:01:13 (1155 turns).

Faustar the Skirmisher (Gargoyle Berserker)         Turns: 1155, Time: 00:01:13

Health: 0/24       AC:  5    Str: 21    XL:     3   Next: 68%
Magic:  3/3        EV: 12    Int:  7    God:    Trog [**....]
Gold:   154        SH:  0    Dex:  9    Spells: 2/2 levels left

rFire    . . .     SeeInvis .   a - +0 mace
rCold    . . .     Gourm    .   (no shield)
rNeg     + . .     Faith    .   b - +0 animal skin
rPois    ∞         Spirit   .   (no helmet)
rElec    +         Reflect  .   (no cloak)
rCorr    .         Harm     .   (no gloves)
MR       ++...                  (no boots)
Stlth    +.........             (no amulet)
HPRegen  1.08/turn              (no ring)
MPRegen  0.08/turn              (no ring)

@: berserk cooldown, regenerating, slowed, very slow
A: negative energy resistance 1, electricity resistance, unbreathing,
petrification resistance, rot immunity, AC +3
a: Berserk, Trog's Hand, Renounce Religion


You were on level 2 of the Dungeon.
You worshipped Trog.
Trog was pleased with you.
You were hungry.

You visited 1 branch of the dungeon, and saw 2 of its levels.

You collected 154 gold pieces.

Inventory:

Hand Weapons
 a - a +0 mace (weapon)
Armour
 b - a +0 animal skin (worn)
Scrolls
 d - a scroll of identify
 f - 2 scrolls of magic mapping {unknown}
 g - 3 scrolls of immolation {unknown}
 i - a scroll of teleportation {unknown}
Potions
 c - 2 potions of cancellation {unknown}
Comestibles
 e - 2 rations {!d}


   Skills:
 + Level 4.2 Fighting
 + Level 3.8 Maces & Flails
 - Level 2.1 Armour
 - Level 1.5 Dodging


You had 2 spell levels left.
You didn't know any spells.
Your spell library was empty.

Dungeon Overview and Level Annotations

Branches:
Dungeon (2/12)

Altars:
Lugonu

Annotations:
D:2 Robin


Innate Abilities, Weirdness & Mutations

You are resistant to torment.
Your stone body is resilient. (AC +3)
You are immune to poison.
You resist negative energy. (rN+)
You are resistant to electric shocks. (rElec)
You can survive without breathing.
You are immune to petrification.
You are immune to rotting.


Message History

The goblin hits you but does no damage. The goblin closely misses you.
The goblin barely misses you. The goblin closely misses you.
The goblin misses you. Robin hits you but does no damage.
The goblin hits you but does no damage. The goblin barely misses you.
The goblin closely misses you.
You closely miss the goblin. Robin throws the goblin at you!
* * * LOW HITPOINT WARNING * * *
The goblin hits you but does no damage. The goblin hits you with a +0 club.
* * * LOW HITPOINT WARNING * * *
The goblin closely misses you. The goblin hits you with a +0 club.
* * * LOW HITPOINT WARNING * * *
Robin barely misses you. The goblin closely misses you. x2
The goblin misses you. The goblin closely misses you.
Your skin crawls.
You feel resistant to hostile enchantments.
You feel somewhat more hungry. Robin closely misses you.
The goblin hits you but does no damage. The goblin hits you with a +0 club.
* * * LOW HITPOINT WARNING * * *
The goblin hits you but does no damage. The goblin hits you with a +0 club.
You die...

.#.###..# .# #.###. .#......#
. #.# ## .####...# #####. #.#
........####..... #.#
##..............############.#
#
#.....#####+##..............#
#
#.......##......#############
# #.....<..#....gg# #
#.....#..#....g@# #
#........#...†g.# #
###.####.#.....g# #
#.####.#......# #
#......#.$.#)†#
########.###...=. #_ #.####g.
#. #.# # #..


You could see Robin and 4 goblins.

Vanquished Creatures
  3 worms
  2 leopard geckos (D:2)
  3 giant cockroaches
  7 goblins (D:2)
  5 hobgoblins
  4 jackals (D:1)
  A ball python (D:2)
  3 bats
  A frilled lizard (D:2)
  4 rats
33 creatures vanquished.

Notes
Turn   | Place    | Note
-------+----------+-------------------------------------------
     0 | D:1      | Faustar the Gargoyle Berserker began the quest for the Orb.
     0 | D:1      | Reached XP level 1. HP: 14/14 MP: 1/1
   138 | D:1      | Reached XP level 2. HP: 8/19 MP: 2/2
   854 | D:2      | Reached XP level 3. HP: 13/24 MP: 3/3
   951 | D:2      | Reached skill level 4 in Fighting
  1125 | D:2      | Found a corrupted altar of Lugonu.
  1131 | D:2      | Noticed Robin
  1135 | D:2      | Reached ** piety under Trog
  1155 | D:2      | HP: 1/24 [goblin/+0 club[Robin] (2)]
  1155 | D:2      | Slain by a goblin

Skill      XL: |  1  2  3 |
---------------+----------+-----
Fighting       | 4 |  4.2
Maces & Flails | |  3.8
Armour         | |  2.1
Dodging        | |  1.5

Action                   || total
-------------------------++-------
Melee: Mace              ||   116
Invok: Berserk           ||     1
       Trog's Hand       ||     1
 Stab: Sleeping          ||     1
  Eat: Chunk             ||     4
Armor: Animal skin       ||    49
Dodge: Dodged            ||   109
